 Dungeon Crawl Stone Soup version 0.24.0-13-gcf9b319 (webtiles) character file.

Game seed: 7102371889817540945, levelgen mode: deterministic

217 Fang the Skirmisher (level 5, 0/34 HPs)
             Began as a Gargoyle Berserker on Nov 15, 2019.
             Was a Believer of Trog.
             Killed from afar by an electric eel (2 damage)
             ... with a bolt of electricity
             ... on level 3 of the Dungeon.
             The game lasted 00:02:34 (3264 turns).

Fang the Skirmisher (Gargoyle Berserker)            Turns: 3264, Time: 00:02:34

Health: 0/34       AC: 16    Str: 22    XL:     5   Next: 94%
Magic:  5/5        EV:  7    Int: 11    God:    Trog [**....]
Gold:   150        SH:  0    Dex:  9    Spells: 4/4 levels left

rFire    . . .     SeeInvis .   a - +0 hand axe
rCold    . . .     Gourm    .   (no shield)
rNeg     + . .     Faith    .   b - +0 plate armour
rPois    ∞         Spirit   .   s - +1 hat
rElec    +         Reflect  .   (no cloak)
rCorr    .         Harm     .   (no gloves)
MR       ++...                  (no boots)
Stlth    ..........             (no amulet)
HPRegen  1.11/turn              d - +4 ring of intelligence
MPRegen  0.09/turn              h - ring of attention (curse)

@: berserk cooldown, regenerating, slowed, very slow
A: negative energy resistance 1, electricity resistance, unbreathing,
petrification resistance, rot immunity, AC +4
a: Berserk, Trog's Hand, Renounce Religion


You were on level 3 of the Dungeon.
You worshipped Trog.
Trog was pleased with you.
You were very hungry.

You visited 1 branch of the dungeon, and saw 3 of its levels.

You collected 150 gold pieces.

Inventory:

Hand Weapons
 a - a +0 hand axe (weapon)
Armour
 b - a +0 plate armour (worn)
 s - a +1 hat (worn)
Jewellery
 d - a +4 ring of intelligence (left hand)
 h - a cursed ring of attention (right hand)
Wands
 m - a wand of enslavement (11)
 u - a wand of flame (17)
Scrolls
 g - a scroll of enchant armour {unknown}
 l - 4 scrolls of identify {unknown}
 n - a scroll of remove curse {unknown}
 o - a scroll of teleportation {unknown}
 p - 2 scrolls of blinking {unknown}
 q - a scroll of enchant weapon {unknown}
 t - a scroll of magic mapping {unknown}
Potions
 e - 2 potions of flight {unknown}
 f - a potion of brilliance {unknown}
 i - 2 potions of lignification {unknown}
 j - a potion of berserk rage {unknown}
 k - a potion of haste {unknown}
Comestibles
 c - 10 rations


   Skills:
 + Level 4.5 Fighting
 + Level 3.6 Axes
 + Level 3.7 Armour
 + Level 2.8 Dodging


You had 4 spell levels left.
You didn't know any spells.
Your spell library was empty.

Dungeon Overview and Level Annotations

Branches:
Dungeon (3/15)

Altars:
Ru

Annotations:
D:3 1 transporter, 1 runed translucent door, Crazy Yiuf


Innate Abilities, Weirdness & Mutations

You are resistant to torment.
Your stone body is resilient. (AC +4)
You are immune to poison.
You resist negative energy. (rN+)
You are resistant to electric shocks. (rElec)
You can survive without breathing.
You are immune to petrification.
You are immune to rotting.


Message History

The bolt of electricity hits you. You resist. The bolt of electricity hits you.
You resist.
The electric eel shoots out a bolt of lightning at you!
The bolt of electricity hits you. You resist. The bolt of electricity hits you.
You resist.
* * * LOW HITPOINT WARNING * * *
The electric eel shoots out a bolt of lightning at you!
The bolt of electricity hits you. You resist.
* * * LOW HITPOINT WARNING * * *
The electric eel shoots out a bolt of lightning at you!
The bolt of electricity hits you. You resist.
* * * LOW HITPOINT WARNING * * *
The electric eel shoots out a bolt of lightning at you!
The bolt of electricity hits you. You resist.
* * * LOW HITPOINT WARNING * * *
The bolt of electricity hits you. You resist.
* * * LOW HITPOINT WARNING * * *
The electric eel shoots out a bolt of lightning at you!
The bolt of electricity hits you. You resist.
You die...

#######.÷..)..#######..#
........###.....## #..######
#..#.#### #...#..##
#.......# #.#.##
##..#...###...###.# #.#.#
#....©.....#.# ..#.#
#.#######..#.# ....#
#.#8.©.8#..#.#
##..########.#P...P#....#
.............###@###..###
###.#####.##.#≈...†#..# #.#
#.#..#≈...;#..# #.#
#.#..#≈PP;;#..#####.
#.#####.#..#≈≈⌠≈≈#........
###....##.#..#≈≈≈≈≈#..######
...###.##.#..#≈P≈≈≈#..# ##.#
#.##.#..#≈≈≈P≈#..# #.#
#.##.#..###+###.##


You could see 3 electric eels.

Vanquished Creatures
  An electric eel (D:3)
  7 adders
  4 gnolls
  2 worms
  A dart slug (D:1)
  4 leopard geckos
  4 bats
  4 giant cockroaches
  9 goblins
  8 hobgoblins
  4 jackals (D:1)
  5 kobolds
  2 quokkas (D:3)
  A ball python (D:2)
  5 frilled lizards
  7 rats
68 creatures vanquished.

Notes
Turn   | Place    | Note
-------+----------+-------------------------------------------
     0 | D:1      | Fang the Gargoyle Berserker began the quest for the Orb.
     0 | D:1      | Reached XP level 1. HP: 14/14 MP: 1/1
   396 | D:1      | Reached XP level 2. HP: 19/19 MP: 2/2
   751 | D:1      | Reached ** piety under Trog
   751 | D:1      | Reached XP level 3. HP: 22/23 MP: 3/3
  1696 | D:2      | Reached XP level 4. HP: 12/29 MP: 4/4
  1908 | D:2      | Reached skill level 4 in Fighting
  2124 | D:2      | Found a sacrificial altar of Ru.
  2605 | D:3      | Reached XP level 5. HP: 33/33 MP: 5/5
  2734 | D:3      | Found a transporter.
  2757 | D:3      | Found a transporter.
  3023 | D:3      | Found a runed translucent door.
  3024 | D:3      | Noticed Crazy Yiuf
  3264 | D:3      | Killed from afar by an electric eel

Levels and vault maps discovered:
D:1:      dpeg_cavernosity, layout_basic
D:2:      layout_basic, nicolae_ru_the_path_less_chosen, st_stairs_6
D:3:      gammafunk_steamed_eel, layout_loops_ring,
          nicolae_qazlal_eye_of_the_storm, minmay_misc_feat_room,
          uniq_crazy_yiuf_cottage

Skill      XL: |  1  2  3  4 |
---------------+-------------+-----
Axes           | 3 |  3.6
Dodging        | 2 |  2.8
Armour         | 3 |  3.7
Fighting       | 4 |  4.5

Action                   |  1- 3 |  4- 6 || total
-------------------------+-------+-------++-------
Melee: Hand axe          |   164 |   181 ||   345
Invok: Trog's Hand       |       |     2 ||     2
       Berserk           |       |     1 ||     1
  Eat: Chunk             |     3 |     5 ||     8
Armor: Chain mail        |     5 |       ||     5
       Animal skin       |     5 |       ||     5
       Plate armour      |   120 |   124 ||   244
Dodge: Dodged            |    68 |    73 ||   141
